 Dungeon Crawl Stone Soup version 0.28.0-62-gf88900778d (webtiles) character file.

Game seed: 13886561895693014838

5915 Froggeryz the Slicer (level 10, -4/75 HPs)
             Began as an Octopode Berserker on Aug 13, 2023.
             Was an Elder of Trog.
             Slain by a two-headed ogre
             ... wielding a +0 giant club
              (16 damage)
             ... on level 9 of the Dungeon.
             The game lasted 00:07:28 (8357 turns).

Froggeryz the Slicer (Octopode Berserker)           Turns: 8357, Time: 00:07:29

Health: -4/75      AC:  5    Str: 24    XL:     10   Next: 83%
Magic:  10/10      EV: 14    Int:  9    God:    Trog [****..]
Gold:   452        SH:  0    Dex: 15    Spells: 9/9 levels left

rFire   . . .      SeeInvis .   f - +1 dagger (drain)
rCold   . . .      Faith    .   (no shield)
rNeg    . . .      Spirit   .   (helmet restricted)
rPois   .          Reflect  .   (no amulet)
rElec   .          Harm     .   k - +6 ring of strength
rCorr   .          Rampage  .   t - +4 ring of protection
Will    .....                   (no ring)
Stlth   ++........              (no ring)
HPRegen 0.22/turn               (no ring)
MPRegen 0.12/turn               (no ring)
                                (no ring)
                                (no ring)

@: no status effects
A: almost no armour, amphibious, 8 rings, camouflage 1, gelatinous body 1,
(nimble swimmer 1), tentacles
a: Renounce Religion, Berserk, Trog's Hand, Brothers in Arms


You were on level 9 of the Dungeon.
You worshipped Trog.
Trog was greatly pleased with you.
You visited 1 branch of the dungeon, and saw 9 of its levels.

You collected 502 gold pieces.
You spent 50 gold pieces at shops.

Inventory:

Hand Weapons
 f - a +1 dagger of draining (weapon)
Missiles
 v - 2 throwing nets
 w - 7 boomerangs
 C - 18 poisoned darts (quivered)
Jewellery
 k - a +6 ring of strength (left tentacle)
 t - a +4 ring of protection (right tentacle)
 F - a +4 ring of protection
Wands
 p - a wand of acid (3)
 u - a wand of paralysis (26)
 B - a wand of charming (2)
 E - a wand of mindburst (14)
Scrolls
 b - a scroll of amnesia {unknown}
 e - 4 scrolls of teleportation
 j - 2 scrolls of brand weapon {unknown}
 l - 2 scrolls of blinking {unknown}
 m - a scroll of magic mapping {unknown}
 n - 2 scrolls of fear
 s - 2 scrolls of holy word {unknown}
 x - 2 scrolls of identify
 y - a scroll of immolation {unknown}
 G - a scroll of noise {unknown}
Potions
 a - 2 potions of flight {unknown}
 c - 2 potions of attraction {unknown}
 d - 5 potions of curing
 g - 8 potions of heal wounds {unknown}
 h - 3 potions of degeneration {unknown}
 i - a potion of brilliance {unknown}
 o - 4 potions of magic {unknown}
 q - a potion of resistance
 r - a potion of haste {unknown}
 z - 2 potions of mutation {unknown}
 A - a potion of cancellation {unknown}
 D - 2 potions of berserk rage {unknown}
Miscellaneous
 H - a box of beasts


   Skills:
 + Level 9.7 Fighting
 * Level 13.3 Short Blades
 - Level 3.0 Dodging


You had 9 spell levels left.
You didn't know any spells.
Your spell library was empty.

Dungeon Overview and Level Annotations

Branches:
Dungeon (9/15)             Temple (0/1) D:6            Lair (0/6) D:8
    Orc: D:9-12

Altars:
Ashenzari

Shops:
D:4 *   D:5 [


Innate Abilities, Weirdness & Mutations

You cannot wear most types of armour.
You are amphibious.
You can wear up to eight rings at the same time.
Your skin changes colour to match your surroundings (Stealth+).
Your rubbery body absorbs attacks. (AC +1, EV +1)
((You are camouflaged when in or above water. (Stealth+)))
You have tentacles for arms and can constrict up to eight enemies at once.


Message History

The orc struggles to escape constriction.
You hit the orc. You squeeze the orc.
You kill the orc!
Trog accepts your kill.
A two-headed ogre comes into view.
It is wielding a +0 giant club and a +0 giant spiked club.
The two-headed ogre shouts in stereo!
A centaur comes into view.
The orc misses you.
Things that are here:
a +2 dagger of pain; a +0 robe You closely miss the orc.
The centaur shouts!
You grab the orc. You squeeze the orc.
The orc is almost dead.
You constrict the orc.
You kill the orc!
Trog accepts your kill.
The centaur wields a +0 vorpal shortbow.
The centaur shoots an arrow.
The arrow hits you!
You see here a +0 mace.
Found 29 gold pieces.
The centaur shoots an arrow.
The arrow hits you!
The two-headed ogre hits you with a +0 giant club!
* * * LOW HITPOINT WARNING * * *
The two-headed ogre closely misses you.
You are too injured to fight recklessly!
You are too injured to fight recklessly!
You are too injured to fight recklessly!
You are too injured to fight recklessly!
You are too injured to fight recklessly!
You are too injured to fight recklessly!
You are too injured to fight recklessly!
The centaur shoots an arrow.
The arrow hits you!
* * * LOW HITPOINT WARNING * * *
x2 You see here a +0 mace.
Aiming: Charm
Press: ? - help, Shift-Dir - straight line, f - two-headed ogre
Aim: a two-headed ogre, wielding a +0 giant club and a +0 giant spiked club (chance to affect: 31%)
The two-headed ogre easily resists.
The two-headed ogre hits you with a +0 giant club!
You die...

.... ............ ....
........... ....
#.......... ....
#####c......... .....
..$............ ......
............... .......
#........
.......###########))......
................@Oc.......
.........<###.............
####........###...........
#..(.......##..........
#...........#..........
####........#####.......).
............#...#.........
............'._.#.........
##########..#...#..#


You could see a two-headed ogre and a centaur.

Vanquished Creatures
  A two-headed ogre (D:7)
  Maggie (D:8)
  A troll (D:8)
  Grinder (D:3)
  A wraith (D:9)
  4 yaks
  A steam dragon (D:7)
  3 water moccasins
  2 black bears (D:4)
  3 ogres
  4 wolves (D:8)
  A centaur (D:6)
  Blork the orc (D:6)
  4 kobold brigands
  4 bullfrogs
  A gnoll sergeant (D:8)
  2 scorpions
  A water moccasin zombie (D:5)
  8 killer bees
  A water moccasin skeleton (D:6)
  5 wights (D:8)
  6 howler monkeys (D:7)
  3 electric eels (D:8)
  A bullfrog zombie (D:5)
  2 centaur zombies (D:8)
  4 hounds (D:8)
  A centaur skeleton (D:6)
  2 orc priests
  Jessica (D:3)
  Natasha (thrice) (D:3)
  5 iguanas
  Ijyb (D:3)
  4 orc wizards
  4 gnolls (D:8)
  A howler monkey skeleton (D:7)
  4 adders
  A white imp (D:5)
  2 worms
  3 dart slugs
  26 orcs
  4 ball pythons
  9 endoplasms
  5 giant cockroaches
  7 goblins
  4 hobgoblins
  A jackal (D:3)
  18 kobolds
  7 quokkas
  7 bats
  3 frilled lizards
  5 rats
194 creatures vanquished.

Vanquished Creatures (others)
  An orc (D:8)
  8 plants (D:6)
9 creatures vanquished.

Grand Total: 203 creatures vanquished

Notes
Turn   | Place    | Note
-------+----------+-------------------------------------------
     0 | D:1      | Froggeryz the Octopode Berserker began the quest for the
                  | Orb.
     0 | D:1      | Reached XP level 1. HP: 16/16 MP: 1/1
   232 | D:1      | Reached XP level 2. HP: 8/21 MP: 2/2
   626 | D:1      | Found a faded altar of an unknown god.
  1154 | D:2      | Reached XP level 3. HP: 23/26 MP: 3/3
  1163 | D:2      | Reached ** piety under Trog
  1165 | D:2      | HP: 1/26 [worm (9)]
  1540 | D:2      | Reached skill level 4 in Short Blades
  1745 | D:2      | Reached XP level 4. HP: 32/32 MP: 4/4
  2075 | D:2      | Reached XP level 5. HP: 36/37 MP: 5/5
  2143 | D:3      | Noticed Jessica
  2151 | D:3      | Killed Jessica
  2152 | D:3      | Reached skill level 5 in Short Blades
  2206 | D:3      | Noticed Ijyb
  2212 | D:3      | Killed Ijyb
  2424 | D:3      | Noticed Natasha
  2435 | D:3      | Killed Natasha
  2580 | D:3      | Reached *** piety under Trog
  2678 | D:3      | Noticed Grinder
  2686 | D:3      | Killed Grinder
  2687 | D:3      | Reached skill level 6 in Short Blades
  2687 | D:3      | Reached XP level 6. HP: 36/45 MP: 6/6
  2735 | D:3      | Noticed Natasha
  2738 | D:3      | Killed Natasha
  2848 | D:3      | Noticed Natasha
  2856 | D:3      | Killed Natasha
  2857 | D:3      | Reached skill level 5 in Fighting
  2857 | D:3      | Reached XP level 7. HP: 44/50 MP: 7/7
  2896 | D:4      | Found Viest's General Store.
  2920 | D:4      | Bought a potion of curing for 30 gold pieces
  2920 | D:4      | Bought a scroll of identify for 20 gold pieces
  2958 | D:4      | Reached skill level 7 in Short Blades
  3076 | D:4      | You fall into a shaft and drop 2 floors!
  3284 | D:5      | Entered Level 5 of the Dungeon
  3308 | D:5      | Reached XP level 8. HP: 56/57 MP: 8/8
  3352 | D:5      | Reached skill level 8 in Short Blades
  3859 | D:5      | Found Cavukau's Armour Emporium.
  4664 | D:4      | Reached skill level 9 in Short Blades
  4767 | D:6      | Reached **** piety under Trog
  4864 | D:6      | Noticed an angel
  4881 | D:6      | Found a staircase to the Ecumenical Temple.
  4937 | D:6      | Noticed Blork the orc
  4952 | D:6      | Killed Blork the orc
  4953 | D:6      | Reached XP level 9. HP: 36/64 MP: 9/9
  5090 | D:6      | Noticed a rust devil
  5514 | D:6      | Reached skill level 10 in Short Blades
  6147 | D:7      | Noticed a two-headed ogre
  6159 | D:7      | Killed a two-headed ogre
  6160 | D:7      | Reached skill level 11 in Short Blades
  6599 | D:8      | Noticed Maggie
  6612 | D:7      | Reached XP level 10. HP: 40/73 MP: 10/10
  7000 | D:8      | Paralysed by Maggie for 5 turns
  7011 | D:8      | Killed Maggie
  7012 | D:8      | Reached skill level 12 in Short Blades
  7156 | D:8      | Found a staircase to the Lair.
  7907 | D:8      | Reached skill level 13 in Short Blades
  8307 | D:9      | Found a broken altar of Ashenzari.
  8350 | D:9      | Noticed a two-headed ogre
  8357 | D:9      | Slain by a two-headed ogre

Illustrated notes

Levels and vault maps discovered:
D:1:      minmay_arrival_semitransparent, layout_loops_corners,
          shapermc_ecumenical_altar_starsandcircs, nrook_uturn,
          supply_closet_lemuel
D:2:      layout_loops_ring
D:3:      layout_rooms, minmay_circle_x, uniq_jessica, uniq_grinder, uniq_ijyb,
          uniq_natasha
D:4:      layout_rooms, serial_shops, shop
D:5:      layout_cave_pools, serial_shops, nicolae_diamond_shop, st_stairs_8,
          minmay_misc_feat_nine_boxes
D:6:      layout_rooms, temple_garden, item_on_display_a, uniq_blork_the_orc
D:7:      layout_cave_pools
D:8:      layout_cave_pools, erik_lair_island, minmay_misc_feat_alley,
          uniq_maggie
D:9:      layout_long_grid, nicolae_ashenzari_skybound, enter_bailey_6

Skill      XL: |  1  2  3  4  5  6  7  8  9 10 |
---------------+-------------------------------+-----
Short Blades   | 4 6 7 9 11 13 | 13.3
Fighting       | 4 5 7 8 9 |  9.7
Dodging        | |  3.0

Action                   |  1- 3 |  4- 6 |  7- 9 | 10-12 || total
-------------------------+-------+-------+-------+-------++-------
Melee: Short sword       |    13 |       |       |       ||    13
       Constrict         |    14 |    13 |    45 |    41 ||   113
       Tentacles         |    10 |    15 |    62 |    65 ||   152
       Dagger            |    41 |    65 |   192 |   201 ||   499
       Punch             |       |       |     2 |     3 ||     5
Throw: Boomerang         |       |       |     1 |       ||     1
Invok: Trog's Hand       |       |     1 |     1 |     1 ||     3
       Berserk           |       |       |     3 |     3 ||     6
Evoke: Wand              |       |       |       |     3 ||     3
  Use: Scroll            |       |       |     2 |       ||     2
 Stab: Sleeping          |     7 |     5 |     2 |     1 ||    15
Armor: Skin              |     2 |     6 |    27 |    29 ||    64
Dodge: Dodged            |    35 |    29 |    96 |   102 ||   262
